 Dungeon Crawl Stone Soup version 0.31-a0-152-g6aa68a64a1 (webtiles) character file.

Game seed: 1256763001828003372

96 jlumianski the Ducker (level 4, -2/31 HPs)
             Began as a Djinni Fire Elementalist on June 10, 2023.
             Slain by a black bear (3 damage)
             ... on level 3 of the Dungeon.
             The game lasted 00:11:14 (1636 turns).

jlumianski the Ducker (Djinni Fire Elementalist)    Turns: 1636, Time: 00:11:15

Health: -2/31      AC: -2    Str: 12 (13) XL:     4   Next: 98%
Gold:   161        EV: 13    Int: 17 (18) God:
                   SH:  0    Dex: 16 (17)

rFire   + + +        u - +6 whip "Killer Bee's Peril" {freeze, *Corrode rF+ Dex+3 Stlth+}
rCold   x . .        (no shield)
rNeg    . . .        a - +0 robe
rPois   ∞            (no helmet)
rElec   .            (no cloak)
rCorr   .            (no gloves)
SInv    .            (boots unavailable)
Will    .....        (no amulet)
Stlth   +++          g - +6 ring of strength
HPRegen 0.25/turn    (no ring)
MPRegen 0.00/turn

%: corrode self (3%), infuse magic (-3 HP)
@: corroded, flying, hasted, very quick
A: sickness immunity, fire resistance 2, cold vulnerability 1, float, innate
caster, HP casting, extra vitality 1
a: no special abilities


You were on level 3 of the Dungeon.
You visited 1 branch of the dungeon, and saw 5 of its levels.

You collected 161 gold pieces.

Inventory:

Hand Weapons
 c - a +0 dagger
 h - a +0 short sword
 r - a +3 dagger
 u - the +6 whip "Killer Bee's Peril" (weapon) {freeze, *Corrode rF+ Dex+3 Stlth+}
   (You found it on level 3 of the Dungeon)

   Dex:       It affects your dexterity (+3).
   rF:        It protects you from fire.
   *Corrode:  It may corrode you when you take damage.
   Stlth:     It makes you more stealthy.
 v - a +0 club
Missiles
 m - 5 poisoned darts
Armour
 a - a +0 robe (worn)
Magical Staves
 k - a staff of conjuration
Jewellery
 g - a +6 ring of strength (left hand)
 p - a ring of ice
Scrolls
 b - a scroll of enchant weapon
 f - a scroll of teleportation
 j - a scroll of brand weapon {unknown}
 n - a scroll of fog {unknown}
 o - a scroll of summoning {unknown}
 q - a scroll of noise {unknown}
 t - a scroll of magic mapping {unknown}
Potions
 e - 2 potions of degeneration
 i - a potion of magic
 l - a potion of attraction
 s - a potion of curing


   Skills:
 + Level 0.3 Fighting
 + Level 0.5 Short Blades
 + Level 0.1 Maces & Flails
 + Level 3.5 Dodging
 + Level 3.0 Stealth
 + Level 3.0 Spellcasting
 + Level 3.0 Conjurations
 + Level 3.0 Hexes
 + Level 3.0 Summonings
 + Level 3.0 Necromancy
 + Level 3.0 Translocations
 + Level 3.0 Transmutations
 + Level 3.0 Fire Magic
 + Level 3.0 Ice Magic
 + Level 3.0 Air Magic
 + Level 3.0 Earth Magic
 + Level 3.0 Poison Magic


You knew the following spells:

 Your Spells              Type           Power      Damage    Failure   Level
a - Foxfire               Conj/Fire      52%        2x1d6     4%          1
b - Scorch                Fire           26%        2d6       8%          2
c - Volatile Blastmotes   Fire/Tloc      26%        2d12      16%         3
d - Inner Flame           Hex/Fire       13%        N/A       16%         3
e - Flame Wave            Conj/Fire      13%        2d6       45%         4
f - Magic Dart            Conj           52%        1d5       4%          1
Your spell library was empty.

Dungeon Overview and Level Annotations

Branches:
Dungeon (5/15)
 Temple: D:4-7

Altars:

Annotations:
D:4 Robin


Innate Abilities, Weirdness & Mutations

You are immune to sickness and miasma.
You are immune to poison.
Your flesh is very heat resistant. (rF++)
You are vulnerable to cold. (rC-)
You float through the air rather than walking.
You learn spells naturally, not from books.
Your magical power is your life essence.
You have superior vitality. (+4 MHP)


Message History

You are no longer corroded.
You start resting.
HP restored.
Items here: )) ††.
You see here a +0 club.
v - a +0 club Unknown command.
There is a stone staircase leading down here.
You fly downwards.
Level annotation: Robin The goblin shoots a sling bullet.
The sling bullet barely misses you.
Robin flexes a bicep menacingly.
Robin roars a battlecry!
The goblin goes into a battle-frenzy!
The goblin shoots a sling bullet.
The sling bullet misses you.
There is a stone staircase leading up here.
Casting: Foxfire (safe; 4% risk of failure)
Confirm with . or Enter, or press ? or * to list all spells.
You conjure some foxfire!
The goblin shoots a sling bullet.
The sling bullet hits you.
Your corrosive artefact corrodes you!
You whack the black bear! You freeze the black bear.
The black bear is heavily wounded.
The foxfire hits the black bear.
The black bear is heavily wounded.
The foxfire hits the black bear.
The black bear is severely wounded.
The goblin shoots a sling bullet.
The sling bullet closely misses you. The black bear bites you.
The black bear claws you. The black bear misses you.
Robin says, "A pitiful Djinni like you will never find the ORB!"
The goblin shoots a sling bullet.
The sling bullet hits you. The black bear bites you. The black bear claws you.
* * * LOW HITPOINT WARNING * * *
The black bear claws you.
* * * LOW HITPOINT WARNING * * *
You fly upwards.
There is a stone staircase leading down here.
You feel yourself speed up. The black bear bites you.
* * * LOW HITPOINT WARNING * * *
The black bear claws you.
You die...

##.#.#
###..#.#
##...##.#
#####..####.#
##.....## #.#
####..#####
#.# # #.....#
#.#
###..#h....#
#.#
#......@)..#
#)###
#.####.....#
##### #....
###.......#..
#####
#.#####.#.#
#.# #.#.# #.#
#.#.# ## #.#
#.#.# #. #.#
#.#†# #.
###.#####.†<#
#.


You could see a black bear.

Vanquished Creatures
  2 adders
  2 worms
  2 dart slugs (D:2)
  4 ball pythons
  6 endoplasms
  14 goblins
  5 hobgoblins
  9 jackals
  3 quokkas
  2 bats (D:1)
  2 frilled lizards
  6 kobolds
  A rat (D:1)
58 creatures vanquished.

Vanquished Creatures (collateral kills)
  A foxfire (D:2)
1 creature vanquished.

Vanquished Creatures (others)
  100 foxfires
100 creatures vanquished.

Grand Total: 159 creatures vanquished

Notes
Turn   | Place    | Note
-------+----------+-------------------------------------------
     0 | D:1      | jlumianski the Djinni Fire Elementalist began the quest for
                  | the Orb.
     0 | D:1      | jlumianski set off with the following spells memorised:
                  | Foxfire, Scorch, Volatile Blastmotes, Inner Flame, Flame
                  | Wave.
     0 | D:1      | Reached XP level 1. HP: 15/15 MP: 0/0
    42 | D:1      | Reached XP level 2. HP: 21/21 MP: 0/0
   238 | D:1      | Reached XP level 3. HP: 25/25 MP: 0/0
   238 | D:1      | Learned a level 1 spell: Magic Dart
   848 | D:2      | Reached XP level 4. HP: 30/31 MP: 0/0
   948 | D:2      | Found a faded altar of an unknown god.
  1360 | D:3      | Identified the +6 whip "Killer Bee's Peril" {freeze,
                  | *Corrode rF+ Dex+3 Stlth+}
  1519 | D:5      | Entered Level 5 of the Dungeon
  1533 | D:4      | Noticed Robin
  1569 | D:4      | Noticed a black bear
  1636 | D:3      | HP: 1/31 [black bear (3)]
  1636 | D:3      | Slain by a black bear

Illustrated notes

Levels and vault maps discovered:
D:1:      matt_arrival_grand_opening, layout_basic, minivault_23
D:2:      layout_basic, shapermc_ecumenical_altar_mp_urbaneastern,
          minmay_tetromino_s4
D:3:      minmay_razor_zed, layout_basic, minmay_circle_x, uniq_sigmund
D:4:      layout_cave_pools, fedhas_altar_decomposition, uniq_robin
D:5:      layout_rooms, nicolae_hepliaklqana_hazy_memory,
          minmay_temple_entry_junction_2, serial_undead, serial_undead_d,
          serial_undead_d, serial_undead_e, serial_undead_c, uniq_ijyb,
          uniq_eustachio

Skill      XL: |  1  2  3  4 |
---------------+-------------+-----
Spellcasting   | |  3.0
Conjurations   | |  3.0
Hexes          | |  3.0
Summonings     | |  3.0
Necromancy     | |  3.0
Translocations | |  3.0
Transmutations | |  3.0
Fire Magic     | |  3.0
Ice Magic      | |  3.0
Air Magic      | |  3.0
Earth Magic    | |  3.0
Poison Magic   | |  3.0
Stealth        | 2 3 |  3.0
Dodging        | 3 |  3.5
Fighting       | |  0.3
Short Blades   | |  0.5
Maces & Flails | |  0.1

Action                     |  1- 3 |  4- 6 || total
---------------------------+-------+-------++-------
  Melee: Dagger            |     5 |    10 ||    15
         Short sword       |     2 |    21 ||    23
         Punch             |     1 |       ||     1
         Whip              |       |     5 ||     5
   Cast: Foxfire           |    36 |    24 ||    60
         Magic Dart        |     5 |     2 ||     7
         Scorch            |     1 |       ||     1
    Use: Potion            |     1 |     2 ||     3
         Scroll            |       |     5 ||     5
   Stab: Sleeping          |     2 |     2 ||     4
 Armour: Robe              |     2 |     9 ||    11
  Dodge: Dodged            |     6 |    34 ||    40

Table legend: (Time is in decaauts)
 A = Elapsed time spent in this place.
 B = Non-inter-level travel time spent in this place.
 C = Inter-level travel time spent in this place.
 D = Time resting spent in this place.
 E = Time spent auto-exploring this place.
 F = Levels seen in this place.
 G = Mean time per level.
                   A        B        C        D        E       F      G
               +--------+--------+--------+--------+--------+-----+--------+
         Total |   1641 |   1588 |     53 |    100 |    858 |   5 |  328.2 |
       Dungeon |   1641 |   1588 |     53 |    100 |    858 |   5 |  328.2 |
               +--------+--------+--------+--------+--------+-----+--------+

Top non-repeatable levels by time:
     D:1: 692 daAuts
     D:2: 617 daAuts
     D:3: 297 daAuts
     D:4: 31 daAuts
     D:5: 1 daAuts
